 Dungeon Crawl Stone Soup version 0.28.0 (webtiles) character file.

Game seed: 12335168415170948596

11 HallandMoats the Skirmisher (level 2, 0/24 HPs)
             Began as a Demonspawn Monk on Feb 6, 2022.
             Slain by a jackal (3 damage)
             ... on level 1 of the Dungeon.
             The game lasted 00:00:29 (371 turns).

HallandMoats the Skirmisher (Demonspawn Monk)        Turns: 371, Time: 00:00:30

Health: 0/24       AC:  2    Str: 11    XL:     2   Next: 17%
Magic:  2/2        EV: 15    Int: 11    God:
Gold:   5          SH:  0    Dex: 15    Spells: 1/1 levels left

rFire   . . .      SeeInvis .     - Unarmed
rCold   . . .      Faith    .   (no shield)
rNeg    . . .      Spirit   .   a - +0 robe
rPois   .          Reflect  .   (no helmet)
rElec   .          Harm     .   (no cloak)
rCorr   .          Rampage  .   (no gloves)
Will    .....                   (no boots)
Stlth   ++........              (no amulet)
HPRegen 0.08/turn               (no ring)
MPRegen 0.08/turn               (no ring)

@: no status effects
A: repulsion field 1
a: no special abilities


You were on level 1 of the Dungeon.
You visited 1 branch of the dungeon, and saw 1 of its levels.

You collected 5 gold pieces.

Inventory:

Armour
 a - a +0 robe (worn)
Scrolls
 b - a scroll of noise {unknown}


   Skills:
 * Level 3.2 Fighting
 + Level 0.4 Armour
 + Level 2.7 Dodging
 - Level 1.7 Stealth
 * Level 2.9 Unarmed Combat
 + Level 0.6 Invocations


You had one spell level left.
You didn't know any spells.
Your spell library was empty.

Dungeon Overview and Level Annotations

Branches:
Dungeon (1/15)

Altars:


Innate Abilities, Weirdness & Mutations

You are surrounded by a mild repulsion field. (EV +2)


Message History

You swing at nothing.
The jackal barely misses you. The jackal closely misses you.
You swing at nothing.
The jackal bites you but does no damage.
You swing at nothing.
The jackal bites you but does no damage.
You swing at nothing.
The jackal closely misses you. The jackal bites you.
You swing at nothing.
The jackal bites you but does no damage.
You swing at nothing.
The jackal bites you but does no damage.
You swing at nothing.
The jackal misses you. The jackal bites you.
You swing at nothing.
The jackal bites you.
You swing at nothing.
The jackal completely misses you. The jackal closely misses you.
You swing at nothing.
The jackal bites you.
You swing at nothing.
The jackal barely misses you.
You swing at nothing.
The jackal bites you. The jackal closely misses you.
You swing at nothing.
The jackal closely misses you.
You swing at nothing.
The jackal bites you.
You swing at nothing.
The jackal misses you.
You swing at nothing.
The jackal bites you. The jackal completely misses you.
You swing at nothing.
The jackal closely misses you.
You swing at nothing.
The jackal bites you.
You swing at nothing.
The jackal misses you. x2
You swing at nothing.
The jackal bites you.
You swing at nothing.
The jackal bites you.
* * * LOW HITPOINT WARNING * * *
You swing at nothing.
The jackal barely misses you. x2
You swing at nothing.
The jackal barely misses you.
You swing at nothing.
The jackal barks!
The jackal bites you.
* * * LOW HITPOINT WARNING * * *
You swing at nothing.
The jackal bites you but does no damage.
You swing at nothing.
The jackal closely misses you. The jackal misses you.
You swing at nothing.
The jackal misses you.
You barely miss the jackal. The jackal barely misses you. The jackal bites you.
You die...

#########
########.......K
#.....>......h§.
#........##########
#.........h@h....).
#........##########
######.#.# #.#.#
#)#.# #.#.# #.#.#
#.#.# #.#.#


You could see 2 jackals.

Vanquished Creatures
  A giant cockroach (D:1)
  A hobgoblin (D:1)
  5 jackals (D:1)
  A goblin (D:1)
  A kobold (D:1)
  A rat (D:1)
10 creatures vanquished.

Notes
Turn   | Place    | Note
-------+----------+-------------------------------------------
     0 | D:1      | HallandMoats the Demonspawn Monk began the quest for the
                  | Orb.
     0 | D:1      | Reached XP level 1. HP: 18/18 MP: 1/1
   246 | D:1      | Gained mutation: You are surrounded by a mild repulsion
                  | field. (EV +2) [demonic ancestry]
   246 | D:1      | Reached XP level 2. HP: 20/24 MP: 2/2
   371 | D:1      | Slain by a jackal

Illustrated notes

Levels and vault maps discovered:
D:1:      mushboom_english_gardens, layout_basic, minmay_tiny_reverse_x

Action                   || total
-------------------------++-------
Melee: Unarmed           ||    47
Armor: Robe              ||    11
Dodge: Dodged            ||    67
